Unix NetHack Version 3.7.0-53 Work-in-progress - last build Apr 4 2022 15:05:14 (0945cd16e85ecfe9c80600c62adfe552c28f66b8,branch:master). Game began 2022-04-10 13:36:46, ended 2022-04-10 21:14:03. spontiff, neutral male gnomish Healer --------- |.......| # +@W.[...-# -------.----- ------- -+-+-----### ............| |.....| #### |...........| |.....| ##### |...........| ......| ### ##............| |..<..| .... | # -.----------- -|----- -+-- .. # # # ## ..% # ##### # .... # ##### # ----- #########0########## ## ############# ##### ## ####### #### # .# -|-.-.-- ##### |......| ####.......| |......| -------- Spontiff the Rhizotomist St:10 Dx:10 Co:17 In:10 Wi:16 Ch:16 Neutral S:550 Dlvl:12 $:274 HP:0(41) Pw:6(8) AC:-8 Xp:1/0 T:16347 Latest messages: Unlock it with your key? [yn] (n) y You succeed in unlocking the door. The door opens. $ - 136 gold pieces. You hear someone counting gold coins. You begin bashing monsters with your gloved hands. You hit the acid blob. You are splashed by the acid blob's acid! What do you want to use or apply? [jkostwxzJZ or ?*] s In what direction? l You hear nothing special. eep: unknown extended command. What do you want to use or apply? [jkostwxzJZ or ?*] s In what direction? l Status of the acid blob (neutral): Level 1 HP 7(8) AC 8. You hear bubbling water. You hear the footsteps of a guard on patrol. With great effort you move the boulder. In what direction? . You feel better. What do you want to drop? [$ac-kn-qstv-zAJNRUVYZ or ?*] $ You drop 193 gold pieces. What do you want to dip? [ace-kn-qstv-zAJNRUVYZ or ?*] j Dip a cursed expensive camera into the fountain? [yn] (n) y What do you want to dip? [ace-kn-qstv-zAJNRUVYZ or ?*] j Dip a cursed expensive camera into the fountain? [yn] (n) y The fountain dries up! $ - 193 gold pieces. The garter snake misses! The garter snake bites! The garter snake bites! What do you want to use or apply? [jkostwxzJZ or ?*] s In what direction? j You hear nothing special. The door resists! The door resists! The door opens. The wraith wakes up! The wraith drinks a potion of speed! The wraith is suddenly moving faster. The elf zombie wakes up! The wraith touches you! $ - 81 gold pieces. You see here a bronze plate mail. oh ffs: unknown extended command. You hear the footsteps of a guard on patrol. The wraith touches you! Goodbye level 1. Do you want your possessions identified? [ynq] (y) y Do you want to see the dungeon overview? [ynq] (y) q Major events: Turn 1: spontiff the neutral male gnomish Healer entered the dungeon 1085: entered the Gnomish Mines 2164: reached Mine Town 15582: entered Sokoban 15927: completed sokoban 1 16160: entered the Bigroom 16347: killed by life drainage Inventory: Coins $ - 274 gold pieces Amulets A - an uncursed amulet versus poison (being worn) Armor h - an uncursed +0 dwarvish iron helm (being worn) g - an uncursed +1 pair of leather gloves (being worn) v - a blessed burnt +3 pair of low boots (being worn) V - an uncursed +0 pair of water walking boots q - a blessed +0 dwarvish cloak (being worn) d - an uncursed +0 leather armor (being worn) Comestibles a - an uncursed berried treasure y - an uncursed apple c - an uncursed carrot n - 2 uncursed food rations N - 3 uncursed food rations p - 2 uncursed tripe rations Scrolls i - an uncursed scroll of earth U - a blessed scroll of enchant weapon e - a blessed scroll of identify Rings f - a cursed ring of polymorph R - an uncursed ring of polymorph control Wands Z - a blessed wand of cancellation (0:8) Tools x - an uncursed brass lantern j - a cursed expensive camera (0:77) z - an uncursed leash w - an uncursed mirror k - a cursed skeleton key s - an uncursed stethoscope o - an uncursed tin whistle J - an uncursed tinning kit (0:33) t - an uncursed towel named Po SITy Gems/Stones Y - an uncursed amethyst stone Spontiff the Healer's attributes: Background: You were a Rhizotomist, a level 1 male gnomish Healer. You were neutral, on a mission for Hermes who was opposed by Athena (lawful) and Poseidon (chaotic). You were in the Dungeons of Doom, on level 12. You entered the dungeon 16347 turns ago. You had 0 experience points, 20 were needed to attain level 2. Your score was 550 before end-of-game adjustments. Basics: You had 0 out of 41 hit points. You had 6 out of 8 energy points (spell power). Your armor class was -8. Your wallet contained 274 zorkmids. Autopickup was on for '$!/="?' plus thrown, with exceptions. Final Characteristics: Your strength was 10 (limit:18/50). Your dexterity was 10 (limit:18). Your constitution was 17 (limit:18). Your intelligence was 10 (limit:19). Your wisdom was 16 (peak:17, limit:18). Your charisma was 16 (limit:18). Final Status: You were not hungry. You were unencumbered. You were empty handed. You were unskilled in bare handed combat. Final Attributes: You were piously aligned. You were poison resistant. You saw invisible. You were telepathic. You had infravision. You had a moderate defense bonus (+9). You were warded. You are dead. Miscellaneous: You encountered 1 bones level. Total elapsed playing time was 5 hours, 15 minutes and 15 seconds. Vanquished creatures: a ghost a large mimic 7 small mimics a large dog 4 watchmen a giant spider a dingo a water nymph a Mordor orc 2 rock piercers 2 rock moles a shrieker 3 gnome leaders a gnomish wizard a kobold mummy a paper golem 3 giant ants 4 little dogs 7 floating eyes a kitten 14 dwarves 3 homunculi 2 rothes 3 giant bats a monkey an orc zombie 2 wererats 2 werejackals 11 iguanas 4 killer bees 2 acid blobs 6 coyotes 2 gas spores 4 hobbits 2 manes 4 large kobolds 4 hobgoblins 9 giant rats 2 cave spiders 2 brown molds 4 yellow molds 2 green molds 3 red molds 20 gnomes 4 garter snakes 3 gnome zombies 8 geckos 25 jackals 11 foxes 2 kobolds 20 goblins 10 sewer rats 20 grid bugs 3 bats 24 lichens 10 kobold zombies 20 newts 313 creatures vanquished. No species were genocided or became extinct. Voluntary challenges: You never hit with a wielded weapon. You were a pacifist. You read items or engraved 15 times. You engraved Elbereth 5 times. You never genocided any monsters. You never polymorphed an object. You used no wishes. You did not violate any of the special Sokoban rules. Achievements: You entered the Gnomish Mines. You entered Minetown. You entered a shop. You entered a temple. You entered Sokoban. You entered the Big Room. The Dungeons of Doom: levels 1 to 12 Level 1: "Stash" An altar to Hermes. Level 2: Stairs down to The Gnomish Mines. Level 3: Level 4: "Three Food Rations in shop" A general store. Level 5: A general store. Level 6: A sink. Level 7: A fountain. Level 8: A general store, a fountain. Level 9: Some fountains. Level 10: Stairs up to Sokoban, level 9. Level 11: A very big room. Level 12: <- You were here. A grave. Final resting place for you, killed by life drainage. The Gnomish Mines: levels 3 to 9 Level 3: Final resting place for elenmirie-Tou-Hum-Fem-Neu, killed by a killer bee. Level 4: Level 5: Many shops, a temple, some fountains. Level 6: "magic trap" Level 7: "magic trap" Level 8: Level 9: Sokoban: levels 9 up to 8 Level 8: Unsolved. Level 9: Solved. Game over: ---------- / \ / REST \ / IN \ / PEACE \ / \ | spontiff | | 274 Au | | killed by life | | drainage | | | | | | 2022 | *| * * * | * _________)/\\_//(\/(/\)/\//\/|_)_______ Goodbye spontiff the Healer... You died in The Dungeons of Doom on dungeon level 12 with 550 points, and 274 pieces of gold, after 16347 moves. You were level 1 with a maximum of 41 hit points when you died.